 Dungeon Crawl Stone Soup version 0.28.0-43-g3370ac3207 (webtiles) character file.

Game seed: 9496892833295703035

7 NinjaNoafa the Magician (level 2, 0/19 HPs)
             Began as a Gnoll Wanderer on Apr 1, 2022.
             Constricted to death by a ball python (1 damage)
             ... on level 1 of the Dungeon.
             The game lasted 00:01:32 (465 turns).

NinjaNoafa the Magician (Gnoll Wanderer)             Turns: 465, Time: 00:01:33

Health: 0/19       AC:  2    Str: 11    XL:     2   Next: 4%
Magic:  10/10      EV:  8    Int: 12    God:
Gold:   0          SH:  0    Dex: 10    Spells: 15/15 levels left

rFire   . . .      SeeInvis .   e - +0 short sword
rCold   . . .      Faith    .   (no shield)
rNeg    . . .      Spirit   .   c - +0 robe
rPois   .          Reflect  .   (no helmet)
rElec   .          Harm     .   (no cloak)
rCorr   .          Rampage  .   (no gloves)
Will    .....                   (no boots)
Stlth   +.........              (no amulet)
HPRegen 0.06/turn               (no ring)
MPRegen 0.12/turn               (no ring)

@: constricted
A: fangs 1, strong nose, distributed training
a: no special abilities


You were on level 1 of the Dungeon.
You visited 1 branch of the dungeon, and saw 1 of its levels.

Inventory:

Hand Weapons
 a - a +0 club
 e - a +0 short sword (weapon)
Missiles
 b - 35 stones (quivered)
Armour
 c - a +0 robe (worn)
Miscellaneous
 d - a piece from Xom's chessboard (14/15)


   Skills:
 + Level 0.2 Fighting
 + Level 0.2 Short Blades
 + Level 0.2 Long Blades
 + Level 0.2 Axes
 + Level 0.2 Maces & Flails
 + Level 0.2 Polearms
 + Level 0.2 Staves
 + Level 0.2 Slings
 + Level 0.2 Bows
 + Level 0.2 Crossbows
 + Level 2.4 Throwing
 + Level 0.2 Armour
 + Level 0.2 Dodging
 + Level 0.2 Stealth
 + Level 0.2 Shields
 + Level 0.2 Unarmed Combat
 + Level 7.1 Spellcasting
 + Level 0.1 Conjurations
 + Level 0.1 Hexes
 + Level 7.0 Summonings
 + Level 0.1 Necromancy
 + Level 0.1 Translocations
 + Level 0.1 Transmutations
 + Level 0.1 Fire Magic
 + Level 0.1 Ice Magic
 + Level 0.1 Air Magic
 + Level 0.1 Earth Magic
 + Level 0.1 Poison Magic
 + Level 2.4 Invocations
 + Level 2.4 Evocations


You had 15 spell levels left.
You didn't know any spells.
Your spell library contained the following spells:

 Spells                   Type           Power      Damage    Failure   Level
 Summon Small Mammal      Summ           84%        N/A       1%          1
 Call Canine Familiar     Summ           21%        N/A       2%          3
 Sandblast                Erth           8%         2d5       16%         1
 Summon Ice Beast         Ice/Summ       12%        N/A       36%         4
 Stone Arrow              Conj/Erth      8%         3d7       41%         3


Dungeon Overview and Level Annotations

Branches:
Dungeon (1/15)

Altars:


Innate Abilities, Weirdness & Mutations

You have very sharp teeth.
Your uncanny sense of smell can sniff out nearby items.
Your experience applies equally to all skills.


Message History

The hobgoblin shouts!
The hobgoblin barely misses you.
Throw: 38 stones
Press: ? - help, Q - select action, (/) - cycle Shift-Dir - straight line, f/p - hobgoblin
Aim: a hobgoblin (56% to hit)
You throw a stone. The stone hits the hobgoblin.
The hobgoblin is moderately wounded.
The hobgoblin hits you.
Throw: 37 stones
Press: ? - help, Q - select action, (/) - cycle Shift-Dir - straight line, f/p - hobgoblin
Aim: a hobgoblin (moderately wounded, 56% to hit)
You throw a stone. The stone closely misses the hobgoblin.
The stone barely misses the rat.
The stone hits the hobgoblin but does no damage.
A ball python comes into view.
The hobgoblin hits you.
You hit the hobgoblin.
The hobgoblin is almost dead.
The hobgoblin hits you.
* * * LOW HITPOINT WARNING * * *
You see here a +0 short sword.
e - a +0 short sword The hobgoblin barely misses you.
e - a +0 short sword (weapon)
Throw: 36 stones
Press: ? - help, Q - select action, (/) - cycle Shift-Dir - straight line, f/p - hobgoblin
Aim: a hobgoblin (almost dead, 56% to hit)
You throw a stone. The stone barely misses the hobgoblin.
The rat bites you.
* * * LOW HITPOINT WARNING * * *
The ball python barely misses you. The ball python grabs you.
The ball python constricts you.
* * * LOW HITPOINT WARNING * * *
The hobgoblin hits you.
* * * LOW HITPOINT WARNING * * *
You barely miss the hobgoblin.
The hobgoblin is almost dead.
The rat bites you but does no damage. The ball python barely misses you.
The ball python constricts you.
You die...

......... ######...####
..(.....####......###
.............####.######
..........#..#..........
.............###†..##...
......(†..#........## .
.......(###..####...#
......Sgr.)..##...#.#
#....#g@####.##.#.......
.............##.#.......
###.....#######.#.....##
#.#.#.# ##.###.#.#
#.#.### #...# .#... . ..
#...# .# .. # ...
##...##.. . .## #.....#
#..<..#


You could see 2 hobgoblins, a ball python and a rat.

Vanquished Creatures
  An endoplasm (D:1)
  A giant cockroach (D:1)
  A hobgoblin (D:1)
  A quokka (D:1)
  2 ball pythons (D:1)
6 creatures vanquished.

Notes
Turn   | Place    | Note
-------+----------+-------------------------------------------
     0 | D:1      | NinjaNoafa the Gnoll Wanderer began the quest for the Orb.
     0 | D:1      | NinjaNoafa set off with the following items: a +0 club, 18
                  | stones, a +0 robe, a piece from Xom's chessboard (15/15);
                  | and the following spells available to memorise: Summon
                  | Small Mammal, Call Canine Familiar, Sandblast, Summon Ice
                  | Beast, Stone Arrow
     0 | D:1      | Reached XP level 1. HP: 13/13 MP: 8/8
   456 | D:1      | Reached XP level 2. HP: 9/19 MP: 10/10
   465 | D:1      | Constricted to death by a ball python

Illustrated notes

Levels and vault maps discovered:
D:1:      dpeg_arrival_rhombus, layout_basic

Action                   || total
-------------------------++-------
Melee: Club              ||    22
       Short sword       ||     1
Throw: Stone             ||     6
Evoke: Piece from Xom's  ||     1
Armor: Robe              ||     8
Dodge: Dodged            ||    27
